 Dungeon Crawl Stone Soup version 0.28-a0-48-gfd831c5874 (webtiles) character file.

Game seed: 2010614548516214707

26 Spectrina the Sneak (level 2, -1/18 HPs)
             Began as a Deep Elf Delver on July 29, 2021.
             Was a Follower of Lugonu.
             Slain by a centaur (3 damage)
             ... on level 5 of the Dungeon.
             The game lasted 00:04:17 (403 turns).

Spectrina the Sneak (Deep Elf Delver)                Turns: 403, Time: 00:04:18

Health: -1/18      AC:  3    Str:  9    XL:     2   Next: 89%
Magic:  4/4        EV: 12    Int: 14    God:    Lugonu [*.....]
Gold:   11         SH:  0    Dex: 16    Spells: 1/1 levels left

rFire   . . .      SeeInvis .   a - +0 short sword
rCold   . . .      Faith    .   (no shield)
rNeg    . . .      Spirit   .   b - +0 leather armour
rPois   .          Reflect  .   (no helmet)
rElec   .          Harm     .   (no cloak)
rCorr   .          Rampage  .   (no gloves)
Will    .....                   (no boots)
Stlth   +++.......              (no amulet)
HPRegen 0.06/turn               (no ring)
MPRegen 0.09/turn               (no ring)

@: no status effects
A: no striking features
a: Renounce Religion, Depart the Abyss


You were on level 5 of the Dungeon.
You worshipped Lugonu.
Lugonu was aware of your devotion.
You visited 2 branches of the dungeon, and saw 2 of its levels.

You collected 11 gold pieces.

Inventory:

Hand Weapons
 a - a +0 short sword (weapon)
Missiles
 h - 2 boomerangs (quivered)
Armour
 b - a +0 leather armour (worn)
Wands
 g - a wand of digging (3)
Scrolls
 c - 2 scrolls of fog
 d - a scroll of magic mapping
 e - a scroll of fear
Potions
 f - a potion of haste


   Skills:
 - Level 2.4 Fighting
 - Level 2.0 Short Blades
 - Level 2.4 Dodging
 - Level 7.1 Stealth
 + Level 0.0 Invocations


You had one spell level left.
You didn't know any spells.
Your spell library contained the following spells:

 Spells                   Type           Power      Damage    Failure   Level
 Corpse Rot               Necr/Air       N/A        N/A       52%         2
 Dispel Undead            Necr           0%         3d6       99%         4
 Death Channel            Necr           0%         N/A       100%        6


Dungeon Overview and Level Annotations

Branches:
Dungeon (5/15)             Temple (1/1) D:5

Altars:
Cheibriados
Dithmenos
Fedhas
Gozag
Qazlal
Sif Muna
Xom
Zin
Lugonu


Message History

There is a staircase back to the Dungeon here.
You climb upwards.
There is a staircase to the Ecumenical Temple here.
You enter the shallow water.
Moving in this stuff is going to be slow.
Found a book of Decay.
You pick up a book of Decay and begin reading...
You add the spells Corpse Rot, Dispel Undead and Death Channel to your library.
Okay, then.
A centaur comes into view.
Found 4 boomerangs.
Found a stone staircase leading down.
Found a halberd.
The centaur shouts!
The centaur closely misses you. The centaur kicks you.
You hit the centaur.
The centaur is lightly wounded.
The centaur closely misses you. The centaur completely misses you.
The centaur hits you. The centaur barely misses you.
You completely miss the centaur.
The centaur is lightly wounded.
The centaur hits you.
* * * LOW HITPOINT WARNING * * *
The centaur kicks you but does no damage.
You hit the centaur.
The centaur is lightly wounded.
The centaur hits you.
* * * LOW HITPOINT WARNING * * *
The centaur barely misses you.
The centaur hits you but does no damage.
The centaur barely misses you.
Okay, then.
You hit the centaur.
The centaur is moderately wounded.
The centaur closely misses you.
The centaur kicks you but does no damage.
You hit the centaur.
The centaur is moderately wounded.
The centaur closely misses you. The centaur barely misses you.
The centaur hits you.
You die...

### ##.# ..# #c#
#@# ### #.# #.#
#.#####.#
#.......#
#####.####..#
+.>.........#
.#####.####..##
(..............#
..###..........##


You could see a centaur.

Vanquished Creatures
  A gnoll (D:5)
  An adder (D:5)
  A shadow imp (D:5)
3 creatures vanquished.

Vanquished Creatures (others)
  8 plants (D:5)
8 creatures vanquished.

Grand Total: 11 creatures vanquished

Notes
Turn   | Place    | Note
-------+----------+-------------------------------------------
     0 | D:5      | Spectrina the Deep Elf Delver began the quest for the Orb.
     0 | D:5      | Reached XP level 1. HP: 13/13 MP: 3/3
     3 | D:5      | Found a staircase to the Ecumenical Temple.
     4 | D:5      | Noticed a vampire
    17 | D:5      | Noticed an iguana
    33 | D:5      | Found a stormy altar of Qazlal.
    81 | D:5      | Found an opulent altar of Gozag.
   119 | D:5      | Noticed a sky beast
   132 | D:5      | Reached XP level 2. HP: 17/18 MP: 4/4
   301 | D:5      | Reached skill level 7 in Stealth
   328 | Temple   | Entered the Ecumenical Temple
   351 | Temple   | Became a worshipper of Lugonu the Unformed
   351 | Temple   | Reached * piety under Lugonu
   380 | D:5      | Noticed a centaur
   403 | D:5      | Slain by a centaur

Illustrated notes

Levels and vault maps discovered:
D:5:      layout_basic, grunt_qazlal_sundering, grunt_gozag_statues,
          minmay_temple_entry_water_ring, gammafunk_ghost_nasty_kobolds,
          serial_bayou_lake_a, uniq_menkaure
Temple:   corrupted_temple

Skill      XL: |  1  2 |
---------------+-------+-----
Stealth        | 7 |  7.1
Fighting       | |  2.4
Short Blades   | |  2.0
Dodging        | |  2.4

Action                   || total
-------------------------++-------
Melee: Short sword       ||    20
 Stab: Sleeping          ||     1
Armor: Leather armour    ||     5
Dodge: Dodged            ||    21

Table legend: (Time is in decaauts)
 A = Elapsed time spent in this place.
 B = Non-inter-level travel time spent in this place.
 C = Inter-level travel time spent in this place.
 D = Time resting spent in this place.
 E = Time spent auto-exploring this place.
 F = Levels seen in this place.
 G = Mean time per level.
                   A        B        C        D        E       F      G
               +--------+--------+--------+--------+--------+-----+--------+
         Total |    405 |    405 |      0 |      0 |      0 |   2 |  202.5 |
       Dungeon |    369 |    369 |      0 |      0 |      0 |   1 |  369.0 |
        Temple |     35 |     35 |      0 |      0 |      0 |   1 |   35.0 |
               +--------+--------+--------+--------+--------+-----+--------+

Top non-repeatable levels by time:
     D:5: 369 daAuts
  Temple: 35 daAuts
